Unix NetHack Version 5.0.0-0 post-release - last build Jun 10 2026 00:39:30 (3ee93aec679c4c4259841fe613dc97188e26a321,branch:main).

Game began 2026-06-23 19:24:29, ended 2026-06-23 19:36:29.

GdeVolpiano, neutral female human Archeologist

                       -----
                       |...|
                       |(..|                                       --------
         -----         |....####            --------------       ##.......|
         |!!%|         --|--   ###         #.............|         |......|
         |!%!|           ####    ########## |............r#####B@##d...*..|
         |...|              #      ###    # |............|         |......|
          -|-               ##           ###.........|...|         |.....{|
           #                 ## #           |............|         --------
           ####        -------.-#           --------------
              ###      |....{..|#
         -------)-     |.......|#
         |.......|)####).......-#
         |....)...#    |.......|
         |...<...|     ---------
         ---------

GdeVolpiano the Field Worker  St:12 Dx:10 Co:13 In:17 Wi:16 Ch:9  Neutral
Dlvl:3  $:33 HP:0(28) Pw:19(19) AC:5  Xp:4 T:2632  Burdened

Latest messages:
 What do you want to wield? [- aen or ?*]
 a - a +2 bullwhip (weapon in right hand).
 You are carrying too much to get through.
 You swap places with Indy.
 This door is locked.
 This door is locked.
 This door is locked.
 This door is locked.
 This door is locked.
 This door is locked.
 What do you want to use or apply? [aegh or ?*]
 You now wield a +0 pick-axe.
 You hear some noises.
 In what direction do you want to dig? [kulnjb>]
 You start chopping at the door.
 You hit the door with all your might.
 You break through the door with your pick-axe.
 You are bare handed.
 e - a +0 pick-axe (alternate weapon; not wielded).
 The door resists!
 The door opens.
 That door is closed.
 The door opens.
 Indy eats a tripe ration.
 You see here a black gem.
 You have a little trouble lifting B - a black gem.
 What do you want to use or apply? [aegh or ?*]
 What do you want to rub on the stone? [$B or ?*]
 B - a worthless piece of black glass.
 What do you want to drop? [$ac-eghlnqvB or ?*]
 You drop a worthless piece of black glass.
 You have a little trouble lifting $ - 3 gold pieces (33 in total).
 You stop.  Indy is in the way!
 You are beginning to feel hungry.
 What do you want to eat? [d or ?*]
 This food really hits the spot!
 You finish eating the food ration.
 You begin bashing monsters with your bare hands.
 You hit the giant bat.
 The giant bat bites!
 The giant bat bites!
 You hit the giant bat.
 The giant bat bites!
 The giant bat misses!
 You miss the giant bat.
 The giant bat bites!
 The giant bat bites!
 The giant bat bites!
 You die...
 Do you want your possessions identified? [ynq] (y)

Inventory:
 Coins    ('$')
  $ - 33 gold pieces
 Weapons  (')')
  n - a +0 orcish dagger
  a - a +2 bullwhip
 Armor    ('[')
  c - an uncursed +0 fedora (being worn)
  l - an uncursed +0 chain mail (being worn)
 Comestibles  ('%')
  d - 5 uncursed food rations
 Potions  ('!')
  q - 4 uncursed potions of healing
  v - 3 cursed potions of healing
 Tools    ('(')
  h - an empty uncursed sack
  e - a +0 pick-axe (alternate weapon; not wielded)
 Gems/Stones  ('*')
  g - an uncursed touchstone

GdeVolpiano the Archeologist's attributes:

Background:
 You were a Field Worker, a level 4 female human Archeologist.
 You were neutral, nominally on a mission for Camaxtli
 who was opposed by Quetzalcoatl (lawful) and Huhetotl (chaotic).
 You were right-handed.
 You were in the Dungeons of Doom, on level 3.
 You entered the dungeon 2632 turns ago.
 You had 89 experience points, 71 more were needed to attain level 5.

Basics:
 You had 0 out of 28 hit points.
 You had all 19 energy points (spell power).
 Your armor class was 5.
 Your wallet contained 33 zorkmids.
 Autopickup was on for '$?!/="+' plus thrown, with exceptions.

Final Characteristics:
 Your strength was 12 (limit:18/100).
 Your dexterity was 10 (limit:18).
 Your constitution was 13 (limit:18).
 Your intelligence was 17 (limit:18).
 Your wisdom was 16 (limit:18).
 Your charisma was 9 (limit:18).

Final Status:
 You weren't hungry.
 You were burdened; movement was slightly slowed.
 You were bare handed.
 You were unskilled in bare handed combat.

Final Attributes:
 You were piously aligned.
 You had automatic searching.
 You were warded.
 Your spell casting was impaired by metallic armor.
 You were lucky.
 You are dead.

Miscellaneous:
 You didn't encounter any bones levels.
 Total elapsed playing time was 11 minutes and 59 seconds.

Major events:
 Turn
    1: GdeVolpiano the neutral female human Archeologist entered the dungeon
 1481: attained the rank of Field Worker (level 3)
 2632: killed by a giant bat

Spells:
 Name                 Level Category     Fail Retention
 identify               3   divination   100%  76%-100%

Skills:
 Fighting Skills
   bare handed combat [Unskilled]
   two weapon combat  [Unskilled]
   riding             [Unskilled]
 Weapon Skills
   dagger             [Unskilled]
   knife              [Unskilled]
   pick-axe           [Basic]
   short sword        [Unskilled]
   saber              [Unskilled]
   club               [Unskilled]
   quarterstaff       [Unskilled]
   sling              [Unskilled]
   dart               [Unskilled]
   boomerang          [Unskilled]
   whip               [Basic]
   unicorn horn       [Unskilled]
 Spellcasting Skills
   attack spells      [Unskilled]
   healing spells     [Unskilled]
   divination spells  [Unskilled]
   matter spells      [Unskilled]

Voluntary challenges:
 Character rerolling was not enabled.
 You were an atheist.
 You never genocided any monsters.
 You never polymorphed an object.
 You never changed form.
 You used no wishes.
Achievements:
 You attained the rank of Field Worker.
 You entered a shop.

 The Dungeons of Doom: levels 1 to 3
    Level 1:
       A fountain.
    Level 2:
       A fountain.
    Level 3: <- You were here.
       A vegetarian food shop, some fountains, a grave.
       Final resting place for
          you, killed by a giant bat.


Vanquished creatures:
  a shrieker
  a floating eye
  a gas spore
  4 hobbits
  2 geckos
  9 jackals
  a fox
  2 kobolds
  3 goblins
 11 grid bugs
  4 lichens
  a kobold zombie
  7 newts
47 creatures vanquished.

No species were genocided or became extinct.

Game over:
                       ----------
                      /          \
                     /    REST    \
                    /      IN      \
                   /     PEACE      \
                  /                  \
                  |   GdeVolpiano    |
                  |      33 Au       |
                  |   killed by a    |
                  |    giant bat     |
                  |                  |
                  |                  |
                  |       2026       |
                 *|     *  *  *      | *
        _________)/\\_//(\/(/\)/\//\/|_)_______

Goodbye GdeVolpiano the Archeologist...

You died in The Dungeons of Doom on dungeon level 3 with 506 points,
and 33 pieces of gold, after 2632 moves.
You were level 4 with a maximum of 28 hit points when you died.

